 Dungeon Crawl Stone Soup version 0.24-a0-280-g7cec4da (webtiles) character file.

Game seed: 9433464735884874303

3097 BrocoLee the Cleaver (level 9, -4/90 HPs)
             Began as a Demigod Gladiator on May 12, 2019.
             Slain by a hornet (10 damage)
             ... on level 8 of the Dungeon.
             The game lasted 00:16:10 (7794 turns).

BrocoLee the Cleaver (Demigod Gladiator)            Turns: 7794, Time: 00:16:11

Health: -4/90      AC: 24    Str: 17    XL:     9   Next: 33%
Magic:  11/11      EV:  2    Int: 14    God:
Gold:   723        SH:  0    Dex: 21    Spells: 8/8 levels left

rFire    + . .     SeeInvis .   a - +0 war axe
rCold    + . .     Gourm    .   (no shield)
rNeg     + + +     Faith    .   (armour currently unavailable)
rPois    +         Spirit   .   (helmet currently unavailable)
rElec    .         Reflect  .   (cloak currently unavailable)
rCorr    .         Harm     .   (gloves currently unavailable)
MR       .....     NoTele   +   (boots currently unavailable)
Stlth    ++........             (no amulet)
HPRegen  0.25/turn              s - ring of protection from fire {rF+, !d}
MPRegen  0.12/turn              e - ring of protection from cold {rC+, !d}

@: lethally poisoned (-4 -> -6), tree-form, slowed, very slow
A: frail 1, high mp 1
a: no special abilities


You were on level 8 of the Dungeon.
You were very hungry.
You were a tree.
You visited 2 branches of the dungeon, and saw 9 of its levels.

You collected 723 gold pieces.

Inventory:

Hand Weapons
 a - a +0 war axe (weapon)
 b - a +2 flail of crushing
   (You took it off an orc on level 6 of the Dungeon)
 n - a +0 flail of holy wrath
   (You took it off Edmund on level 6 of the Dungeon)
Missiles
 z - a throwing net {=f, !d}
 B - 3 javelins (quivered)
Armour
 k - a +0 pair of gloves (melded)
   (You found it on level 7 of the Dungeon)
 o - a +1 helmet of see invisible (melded)
   (You took it off Robin on level 3 of the Dungeon)
 u - a +0 ring mail (melded)
   (You found it on level 3 of the Dungeon)
 y - a scarf of resistance (melded)
   (You found it on level 6 of the Dungeon)
Magical Staves
 r - an uncursed staff of power {unknown}
   (You found it on level 6 of the Dungeon)
 A - an uncursed staff of cold {unknown}
   (You found it on level 5 of the Dungeon)
Jewellery
 e - a ring of protection from cold (right branch) {rC+, !d}
   (You found it on level 1 of the Dungeon)
 l - an uncursed ring of resist corrosion
   (You found it on level 7 of the Dungeon)
 s - a ring of protection from fire (left branch) {rF+, !d}
   (You found it on level 4 of the Dungeon)
Wands
 m - a wand of enslavement (9)
   (You found it on level 3 of the Dungeon)
 q - a wand of flame (13)
   (You found it on level 7 of the Dungeon)
Scrolls
 g - 2 scrolls of magic mapping {!r}
 h - a scroll of fear
 p - 3 scrolls of remove curse
 w - 3 scrolls of amnesia
 x - 6 scrolls of teleportation
Potions
 c - a potion of brilliance
 d - a potion of cancellation {unknown}
 j - a potion of magic
 t - a potion of haste {unknown}
Comestibles
 f - 6 rations


   Skills:
 - Level 1.7 Fighting
 * Level 9.2 Axes
 + Level 1.9 Throwing
 + Level 6.0 Armour
 + Level 6.7 Dodging


You had 8 spell levels left.
You didn't know any spells.
Your spell library was empty.

Dungeon Overview and Level Annotations

Branches:
Dungeon (8/15)             Temple (1/1) D:4
   Lair: D:8-11

Shops:
D:5 [

Annotations:
D:6 exclusion: oklob plant


Innate Abilities, Weirdness & Mutations

You have an increased reservoir of magic. (+10% MP)
((You are partially covered in large bone plates. (SH +4)))
You are frail. (-10% HP)


Message History

You turn into a tree.
Your scarf of resistance melds into your body.
Your +1 helmet of see invisible melds into your body.
Your +0 pair of gloves melds into your body.
Your +0 ring mail melds into your body.
You feel hot and cold all over.
You feel less perceptive.
Your roots penetrate the ground.
You feel sick.
The hornet stings you but does no damage.
The worker ant bites you but does no damage.
The giant cockroach bites you.
The hornet stings you but does no damage.
The worker ant bites you but does no damage.
The giant cockroach bites you but does no damage.
You now have 38/100 hp.
Unknown command.
You barely miss the hornet. You barely miss the worker ant.
You hit the giant cockroach.
The hornet stings you but does no damage.
The worker ant bites you but does no damage.
The giant cockroach barely misses you. The hornet barely misses you.
The worker ant bites you.
The giant cockroach bites you but does no damage.
The crimson imp disappears for a moment.
You take 4 damage, and have 34/100 hp.
You barely miss the hornet.
You hit the giant cockroach but do no damage.
You hit the worker ant but do no damage.
You feel sick.
The hornet stings you but does no damage.
The worker ant bites you but does no damage.
The hornet stings you but does no damage.
The giant cockroach bites you but does no damage.
The hornet stings you!
* * * LOW HITPOINT WARNING * * *
The worker ant bites you but does no damage.
You take 8 damage, and have 26/100 hp.
You slash the hornet! You hit the worker ant.
You completely miss the giant cockroach.
The giant cockroach barely misses you.
The hornet stings you but does no damage.
The worker ant bites you.
* * * LOW HITPOINT WARNING * * *
You are more poisoned.
The worker ant poisons you!
The giant cockroach bites you but does no damage.
The hornet stings you but does no damage.
The worker ant bites you but does no damage.
You closely miss the hornet. You closely miss the worker ant.
You barely miss the giant cockroach.
You feel yourself speed up.
You feel sick.
The hornet stings you but does no damage.
The giant cockroach bites you but does no damage.
The worker ant bites you but does no damage.
The hornet stings you but does no damage.
The giant cockroach bites you.
* * * LOW HITPOINT WARNING * * *
You take 2 damage, and have 24/100 hp.
Unknown command.
You barely miss the hornet.
You hit the giant cockroach but do no damage.
You hit the worker ant but do no damage.
You feel sick.
The hornet stings you but does no damage.
The worker ant bites you but does no damage.
The giant cockroach bites you but does no damage.
The crimson imp grins evilly.
The hornet stings you but does no damage.
The worker ant barely misses you.
You take 1 damage, and have 23/100 hp.
Unknown command.
You miss the hornet.
You hit the worker ant but do no damage.
You slash the giant cockroach!
You kill the giant cockroach!
You feel sick. The hornet stings you!
* * * LOW HITPOINT WARNING * * *
You feel yourself slow down.
The worker ant bites you but does no damage.
You take 9 damage, and have 14/100 hp.
You closely miss the hornet. You hit the worker ant.
You feel sick. The hornet stings you.
* * * LOW HITPOINT WARNING * * *
You feel as though you will be slow longer.
The crimson imp blinks!
The worker ant completely misses you.
The hornet stings you but does no damage. x2
The worker ant bites you but does no damage.
You take 5 damage, and have 9/100 hp.
Unknown command.
You closely miss the hornet. You hit the crimson imp. You slash the worker ant!
You kill the worker ant!
You feel sick. The hornet stings you.
* * * LOW HITPOINT WARNING * * *
The crimson imp blinks!
The hornet completely misses you.
You take 3 damage, and have 6/100 hp.
Unknown command.
It was a potion of mutation.
You feel extremely strange.
You feel frail.
Large bone plates grow over parts of your arms.
You feel sick. The hornet stings you!
You die...

...... ......#
....... .......
....... .......
......... $......
......... .......
.........
......y###........
5.....§♣†.........
......###.........
..... #<........
.... #Z........
.....####.........
## #..............
#..8.....8....#
#[..........###
#...........#


You could see a hornet and a crimson imp.

Vanquished Creatures
  Grinder (D:4)
  Prince Ribbit (D:6)
  A hippogriff (D:7)
  Sigmund (D:6)
  3 orc warriors
  Eustachio (D:4)
  Edmund (D:6)
  A black bear (D:7)
  2 ogres
  3 centaurs
  A bullfrog (D:7)
  3 scorpions
  A wight (D:6)
  A bullfrog zombie (D:5)
  3 crimson imps
  3 hounds
  A jelly (D:8)
  2 orc priests
  A bullfrog skeleton (D:8)
  Jessica (D:2)
  6 worker ants
  7 orc wizards
  A hound zombie (D:6)
  2 hound skeletons
  Robin (D:3)
  13 adders
  A shadow imp (D:5)
  3 oozes
  2 adder zombies
  4 worms
  3 dart slugs
  2 leopard geckos
  10 orcs
  A ball python (D:2)
  5 bats (D:3)
  8 giant cockroaches
  10 goblins
  14 hobgoblins
  6 jackals
  3 quokkas
  4 frilled lizards
  A jackal zombie (D:5)
  4 kobolds
  A leopard gecko skeleton (D:4)
  8 rats
152 creatures vanquished.

Vanquished Creatures (collateral kills)
  An orc wizard (D:6)
  A worker ant (D:6)
  An adder (D:6)
  An adder zombie (D:6)
  3 orcs
7 creatures vanquished.

Vanquished Creatures (others)
  5 toadstools (D:1)
5 creatures vanquished.

Grand Total: 164 creatures vanquished

Notes
Turn   | Place    | Note
-------+----------+-------------------------------------------
     0 | D:1      | BrocoLee the Demigod Gladiator began the quest for the Orb.
     0 | D:1      | Reached XP level 1. HP: 17/17 MP: 3/3
    47 | D:1      | Reached skill level 3 in Axes
   120 | D:1      | Reached XP level 2. HP: 10/24 MP: 4/4
   511 | D:2      | Reached skill level 1 in Armour
   511 | D:2      | Reached skill level 3 in Dodging
   554 | D:2      | Reached XP level 3. HP: 29/29 MP: 5/5
   579 | D:2      | Noticed Jessica
   588 | D:2      | HP: 2/29 [Jessica/nerve-wracking pain (7)]
   591 | D:2      | Killed Jessica
   855 | D:2      | Reached XP level 4. HP: 31/36 MP: 6/6
   929 | D:2      | Found a deep blue altar of Sif Muna.
  1051 | D:2      | Reached skill level 4 in Axes
  1060 | D:2      | You fall through a shaft for 2 floors!
  1098 | D:3      | Reached skill level 2 in Armour
  1139 | D:3      | Reached XP level 5. HP: 23/41 MP: 7/7
  1318 | D:3      | Noticed Robin
  1331 | D:3      | Killed Robin
  2082 | D:4      | Noticed Eustachio
  2098 | D:4      | HP: 10/41 [Eustachio/+0 rapier (2)]
  2099 | D:4      | HP: 1/41 [Eustachio/+0 rapier (7)]
  2114 | D:4      | Killed Eustachio
  2114 | D:4      | Reached skill level 5 in Axes
  2114 | D:4      | Reached skill level 4 in Dodging
  2114 | D:4      | Reached XP level 6. HP: 3/48 MP: 8/8
  2123 | D:4      | Found a staircase to the Ecumenical Temple.
  2132 | Temple   | Entered the Ecumenical Temple
  2497 | D:4      | Noticed Grinder
  2506 | D:4      | Paralysed by Grinder for 5 turns
  2522 | D:4      | Killed Grinder
  2522 | D:4      | Reached skill level 3 in Armour
  2522 | D:4      | Reached XP level 7. HP: 34/53 MP: 9/9
  2907 | D:4      | Reached skill level 6 in Axes
  3387 | D:5      | Entered Level 5 of the Dungeon
  3675 | D:3      | Found a shattered altar of Ashenzari.
  3813 | D:5      | Reached skill level 4 in Armour
  3813 | D:5      | Reached skill level 5 in Dodging
  4348 | D:5      | Found Mupoor's Armour Emporium.
  4619 | D:5      | Reached skill level 7 in Axes
  4619 | D:5      | Reached XP level 8. HP: 54/60 MP: 10/10
  4703 | D:5      | HP: 14/60 [ogre/+0 giant club (21)]
  5063 | D:6      | Noticed Edmund
  5132 | D:6      | Killed Edmund
  5220 | D:6      | Noticed Prince Ribbit
  5225 | D:6      | Killed Prince Ribbit
  5225 | D:6      | Reached skill level 5 in Armour
  5296 | D:6      | Found a shadowy altar of Dithmenos.
  5424 | D:6      | Reached skill level 8 in Axes
  5643 | D:6      | Reached skill level 6 in Dodging
  6064 | D:6      | Found a sacrificial altar of Ru.
  6064 | D:6      | Noticed an oklob plant
  6202 | D:6      | Noticed Sigmund
  6237 | D:6      | Killed Sigmund
  6237 | D:6      | Reached XP level 9. HP: 59/67 MP: 11/11
  6741 | D:7      | HP: 14/67 [scorpion (8)]
  6995 | D:7      | Found a white marble altar of Elyvilon.
  7060 | D:7      | Reached skill level 9 in Axes
  7314 | D:7      | Found a blossoming altar of Fedhas.
  7314 | D:7      | Found a radiant altar of Vehumet.
  7509 | D:7      | Reached skill level 6 in Armour
  7789 | D:8      | HP: 25/100 [poisoned by a worker ant]
  7792 | D:8      | HP: 12/100 [poisoned by a worker ant]
  7794 | D:8      | Gained mutation: You are frail. (-10% HP) [potion of
                  | mutation]
  7794 | D:8      | Gained mutation: You are partially covered in large bone
                  | plates. (SH +4) [potion of mutation]
  7794 | D:8      | Slain by a hornet

Levels and vault maps discovered:
D:1:      ldierk_walled_garden, layout_loops_ring
D:2:      layout_loops_ring, lemuel_blue_sif_altar, minmay_misc_feat_chi,
          uniq_jessica
D:3:      layout_basic, lemuel_coloured_pillars_altar, first_ration,
          st_stairs_4, minmay_misc_feat_hallway, uniq_robin
D:4:      layout_gridville, temple_hall, hangedman_minor_gate_pass,
          uniq_eustachio, uniq_grinder
D:5:      minmay_razor_zed, layout_basic, serial_shops, nicolae_shop_waterfront,
          minivault_27
D:6:      minmay_polygon_palace, layout_basic, nicolae_dithmenos_the_darkroom,
          lemuel_oklob_altar, uniq_sigmund, uniq_edmund, uniq_prince_ribbit1
D:7:      layout_basic, old_standard_altar, gammafunk_temple_overflow_elements
D:8:      layout_rooms, serial_shops, shop, the_bakery, st_stairs_1,
          nicolae_wwwww
Temple:   eino_temple_rhombus

Skill      XL: |  1  2  3  4  5  6  7  8  9 |
---------------+----------------------------+-----
Axes           | 3 4 5 7 8 9 |  9.2
Armour         | 1 2 3 4 5 6 |  6.0
Dodging        | 3 4 5 6 |  6.7
Fighting       | |  1.7
Throwing       | |  1.9

Action                   |  1- 3 |  4- 6 |  7- 9 || total
-------------------------+-------+-------+-------++-------
Melee: War axe           |    64 |   157 |   368 ||   589
Throw: Throwing net      |       |     3 |     3 ||     6
Evoke: Wand              |       |     2 |    19 ||    21
  Use: Potion            |     3 |     1 |     4 ||     8
       Scroll            |       |     5 |     9 ||    14
 Stab: Sleeping          |     1 |     2 |     1 ||     4
       Held in net/web   |       |     1 |     4 ||     5
  Eat: Chunk             |       |     3 |    15 ||    18
       Ration            |       |     1 |       ||     1
Armor: Leather armour    |    19 |    44 |    12 ||    75
       Ring mail         |       |       |    86 ||    86
       Skin              |       |       |    36 ||    36
Dodge: Dodged            |    58 |   146 |   268 ||   472

Table legend:
 A = Non-vault XP
 B = Vault XP
 C = Vault XP percentage of total XP
 D = Non-vault monster count
 E = Vault monster count
 F = Vault count percentage of total count
                 A         B        C        D         E       F
            +---------+---------+-------+---------+---------+-------
      Total |    2137 |    2288 |  51.7 |     116 |      43 |  27.0
            +---------+---------+-------+---------+---------+-------
        D:1 |      32 |       0 |   0.0 |      15 |       0 |   0.0
        D:2 |      98 |      37 |  27.4 |      17 |       1 |   5.6
        D:3 |     142 |      38 |  21.1 |      25 |      14 |  35.9
        D:4 |     513 |     483 |  48.5 |      21 |       4 |  16.0
        D:5 |     295 |     350 |  54.3 |      12 |       6 |  33.3
        D:6 |     166 |    1298 |  88.7 |       8 |      16 |  66.7
        D:7 |     857 |       0 |   0.0 |      16 |       0 |   0.0
        D:8 |      34 |      82 |  70.7 |       2 |       2 |  50.0
            +---------+---------+-------+---------+---------+-------

Levels and vault maps discovered:
D:1:      ldierk_walled_garden, layout_loops_ring
D:2:      layout_loops_ring, lemuel_blue_sif_altar, minmay_misc_feat_chi,
          uniq_jessica
D:3:      layout_basic, lemuel_coloured_pillars_altar, first_ration,
          st_stairs_4, minmay_misc_feat_hallway, uniq_robin
D:4:      layout_gridville, temple_hall, hangedman_minor_gate_pass,
          uniq_eustachio, uniq_grinder
D:5:      minmay_razor_zed, layout_basic, serial_shops, nicolae_shop_waterfront,
          minivault_27
D:6:      minmay_polygon_palace, layout_basic, nicolae_dithmenos_the_darkroom,
          lemuel_oklob_altar, uniq_sigmund, uniq_edmund, uniq_prince_ribbit1
D:7:      layout_basic, old_standard_altar, gammafunk_temple_overflow_elements
D:8:      layout_rooms, serial_shops, shop, the_bakery, st_stairs_1,
          nicolae_wwwww
Temple:   eino_temple_rhombus

Table legend:
 A = Turns spent in this place as a percentage of turns spent in the entire game.
 B = Non-inter-level travel turns spent in this place as a percentage of non-inter-level travel turns spent in the entire game.
 C = Inter-level travel turns spent in this place as a percentage of turns spent in this place.
 D = Turns resting spent in this place as a percentage of non-inter-level travel turns spent in this place.
 E = Turns spent auto-exploring this place as a percentage of non-inter-level travel turns spent in this place.
 F = Non-inter-level travel turns spent in this place divided by the number of levels of this place that you've seen.
                   A       B       C       D       E      F
               +-------+-------+-------+-------+-------+----------------------
         Total | 100.0 | 100.0 |   3.9 |  31.4 |  48.9 | 832.2
       Dungeon |  96.7 |  96.5 |   4.0 |  29.0 |  50.7 | 903.6
        Temple |   3.3 |   3.5 |   0.0 |  99.2 |   0.0 | 261.0
               +-------+-------+-------+-------+-------+----------------------

Table legend:
 A = Kills in this place as a percentage of kills in entire the game.
 B = Kills by you in this place as a percentage of kills by you in the entire game.
 C = Kills by friends in this place as a percentage of kills by friends in the entire game.
 D = Other kills in this place as a percentage of other kills in the entire game.
 E = Experience gained in this place as a percentage of experience gained in the entire game.
 F = Experience gained in this place divided by the number of levels of this place that you have seen.
                   A       B       C       D       E      F
               +-------+-------+-------+-------+-------+----------------------
         Total | 100.0 | 100.0 | 100.0 |   N/A | 100.0 | 491.7
       Dungeon | 100.0 | 100.0 | 100.0 |   N/A | 100.0 | 553.1
               +-------+-------+-------+-------+-------+----------------------
